 Dungeon Crawl Stone Soup version 0.31.0-32-g396128a36d (webtiles) character file.

Game seed: 14484784964072247987

4540 Minsecho the Carver (level 10, -1/63 HPs)
             Began as a Tengu Reaver on Mar 13, 2024.
             Was an Initiate of Gozag.
             Killed from afar by an acid dragon (28 damage)
             ... with a splash of acid
             ... on level 8 of the Dungeon.
             The game lasted 00:21:31 (8924 turns).

Minsecho the Carver (Tengu Reaver)                  Turns: 8924, Time: 00:21:32

Health: -1/63      AC:  9    Str: 14    XL:     10   Next: 40%
Magic:  23/23      EV: 18    Int: 13    God:    Gozag
Gold:   1823       SH:  0    Dex: 16    Spells: 12/13 levels left

rFire   . . .        q - +1 rapier (drain)
rCold   . . .        (no shield)
rNeg    . . .        R - +0 swamp dragon scales
rPois   +            (helmet restricted)
rElec   .            (no cloak)
rCorr   .            (no gloves)
SInv    .            (boots unavailable)
Will    .....        (no amulet)
Stlth   ++           A - ring of magical power
HPRegen 0.30/turn    (no ring)
MPRegen 0.18/turn

%: acrobat
@: gold aura, flying
A: beak, talons 3, evasive flight, acrobatic
a: Renounce Religion, Potion Petition, Call Merchant, Bribe Branch


You were on level 8 of the Dungeon.
You worshipped Gozag.
Gozag was most pleased with you.
You visited 1 branch of the dungeon, and saw 8 of its levels.
You also visited: Ossuary.

You collected 1823 gold pieces.

Inventory:

Hand Weapons
 e - a +1 dagger of protection
 g - a +2 dagger of venom
 q - a +1 rapier of draining (weapon)
 F - a +0 long sword
 I - a +4 dagger of freezing
 J - a +1 dagger of flaming
 N - a +0 scimitar
 S - a +2 dagger of speed
Missiles
 E - 2 atropa-tipped darts
 M - 16 darts of dispersal
Armour
 b - a +0 leather armour
 u - a +0 ring mail
 w - a +0 buckler
 R - +0 swamp dragon scales (worn)
Jewellery
 j - a ring of fire
 A - a ring of magical power (left hand)
 H - a ring of fire
 L - a ring of resist corrosion
 O - an amulet of guardian spirit
Scrolls
 a - a scroll of blinking
 d - 4 scrolls of immolation
 f - a scroll of vulnerability
 m - a scroll of silence
 n - 3 scrolls of poison {unknown}
 p - 6 scrolls of teleportation {unknown}
 y - 6 scrolls of noise {unknown}
 B - a scroll of butterflies
 C - 3 scrolls of enchant armour {unknown}
 D - 2 scrolls of amnesia {unknown}
 G - 4 scrolls of enchant weapon {unknown}
 K - 2 scrolls of fear {unknown}
 Q - a scroll of fog {unknown}
Potions
 c - a potion of heal wounds
 h - 2 potions of invisibility
 i - a potion of cancellation
 k - 5 potions of curing
 l - a potion of lignification
 o - a potion of ambrosia
 r - 3 potions of might
 s - a potion of degeneration
 t - 2 potions of haste
 v - a potion of magic
 x - 2 potions of mutation
 z - a potion of brilliance
Miscellaneous
 P - a phantom mirror


   Skills:
 * Level 7.6 Fighting
 * Level 9.1 Long Blades
 + Level 0.4 Throwing
 + Level 6.7 Armour
 * Level 8.4 Dodging
 + Level 3.2 Stealth
 + Level 2.2 Spellcasting
 + Level 4.5 Conjurations


You had 12 spell levels left.
You knew the following spells:

 Your Spells              Type           Power      Damage    Failure   Level
a - Kiss of Death         Conj/Necr      28%        2d7       19%         1

Your spell library contained the following spells:

 Spells                   Type           Power      Damage    Failure   Level
 Magic Dart               Conj           52%        1d5       8%          1
 Shock                    Conj/Air       28%        1d4       19%         1
 Momentum Strike          Conj/Tloc      14%        3d8       28%         2
 Necrotise                Necr           4%         1d4       43%         1
 Slow                     Hex            4%         N/A       43%         1
 Hailstorm                Conj/Ice       7%         3d5       50%         3
 Blink                    Tloc           2%         N/A       56%         2
 Call Imp                 Summ           2%         N/A       56%         2
 Confusing Touch          Hex            1%         N/A       80%         3
 Gell's Gravitas          Tloc           1%         N/A       80%         3
 Sigil of Binding         Hex            1%         N/A       80%         3
 Swiftness                Air            1%         N/A       80%         3
 Teleport Other           Tloc           1%         N/A       80%         3
 Vampiric Draining        Necr           1%         2d6       80%         3
 Airstrike                Air            0%         2d(1-17)  99%         4
 Animate Armour           Summ/Erth      2%         N/A       99%         4
 Martyr's Knell           Necr/Summ      1%         N/A       99%         4
 Summon Lightning Spire   Summ/Air       1%         N/A       99%         4
 Curse of Agony           Necr           1%         N/A       100%        5
 Lee's Rapid Deconstruct  Erth           0%         3d4*      100%        5
 Dispersal                Tloc           0%         N/A       100%        6


Dungeon Overview and Level Annotations

Branches:
Dungeon (8/15)             Temple (0/1) D:6         Ossuary (visited)
   Lair: D:8-11

Altars:
Elyvilon
Fedhas
Gozag
Kikubaaqudgha
Uskayaw
Vehumet
Wu Jian
Yredelemnul
Zin

Annotations:
D:4 exclusion: oklob plant
D:6 2 transporters, mainiacjoe's ghost, novice HOFi


Innate Abilities, Weirdness & Mutations

You have a beak for a mouth.
You have claws for feet.
Your magical flight helps you evade attacks. (EV +4)
You can magically evade attacks while moving or waiting.


Message History

The killer bee stings you but does no damage.
The killer bee completely misses you.
You hit the killer bee. Your peck misses the killer bee.
The killer bee is severely wounded.
The orc is no longer distracted by gold.
The killer bee closely misses you.
The killer bee is distracted by your dazzling golden aura.
The killer bee buzzes angrily.
You hit the killer bee but do no damage.
The killer bee is no longer distracted by gold.
Your kick misses the killer bee.
The killer bee is severely wounded.
The killer bee stings you! The killer bee misses you.
You hit the killer bee but do no damage.
You drain the killer bee.
The killer bee is severely wounded.
The killer bee completely misses you.
You hit the killer bee.
You kill the killer bee!
You puncture the wight! Your kick misses the wight.
You peck the wight, but do no damage.
The wight is heavily damaged.
The wight hits you with a +0 mace.
You hit the wight.
The wight is severely damaged.
The wight completely misses you.
You hit the wight. You claw the wight.
You destroy the wight!
You puncture the orc!
You kill the orc!
The acid dragon is distracted by your dazzling golden aura.
The acid dragon is no longer distracted by gold.
The acid dragon bites you but does no damage.
The acid dragon claws you.
Items here: $ ))))) [[[[.
You closely miss the acid dragon. Your kick misses the acid dragon.
The acid dragon spits acid at you. The splash of acid hits you!!
You die...
Your body crumbles into a pile of gold.

.####...####......#####
.##(...[...:##.....#
..####...####......#
..#.##.##.#..#.####
.....'.#....#..#
#.##[##.....##
#..###$.##### ##.?#).##
##D@$## #####


You could see an acid dragon (catching breath).

Vanquished Creatures
  Maggie (D:8)
  A water moccasin (D:7)
  An ice beast (D:7)
  5 orc warriors
  2 phantoms (D:5)
  2 centaurs
  5 kobold brigands
  2 gnoll sergeants
  4 bullfrogs
  2 necrophages (D:4)
  8 scorpions
  An elf skeleton (D:4)
  4 wights
  A killer bee (D:8)
  2 bombardier beetles (D:5)
  4 centaur zombies (Ossuary)
  5 hounds
  3 jellies
  2 gnoll boudas
  4 human zombies
  2 orc priests
  Jessica (D:2)
  6 iguanas
  A sleepcap (D:5)
  4 scorpion zombies
  6 orc wizards
  6 mummies
  16 gnolls
  13 adders
  2 white imps
  3 adder zombies (Ossuary)
  7 ribbon worms
  30 orcs
  6 ball pythons
  3 bats
  4 endoplasms
  A giant cockroach (D:2)
  7 goblins
  7 hobgoblins
  2 quokkas (D:1)
  A ball python zombie (Ossuary)
  7 frilled lizards
  2 gnoll zombies (Ossuary)
  4 jackal zombies
  34 kobolds
  4 orc skeletons (D:4)
  5 orc zombies
  A quokka zombie (D:4)
  4 rats
248 creatures vanquished.

Notes
Turn   | Place    | Note
-------+----------+-------------------------------------------
     0 | D:1      | Minsecho the Tengu Reaver began the quest for the Orb.
     0 | D:1      | Reached XP level 1. HP: 12/12 MP: 4/4
   184 | D:1      | Reached XP level 2. HP: 10/17 MP: 6/6
   215 | D:1      | Found a faded altar of an unknown god.
   228 | D:1      | Prayed at the altar of an unknown god.
   228 | D:1      | Became a worshipper of Gozag Ym Sagoz the Greedy
   684 | D:1      | Reached XP level 3. HP: 19/21 MP: 7/7
  1315 | D:2      | Noticed Jessica
  1321 | D:2      | Killed Jessica
  1322 | D:2      | Reached skill level 4 in Long Blades
  1322 | D:2      | Reached XP level 4. HP: 13/26 MP: 8/8
  1663 | D:3      | Noticed an ogre
  1672 | D:3      | Reached skill level 1 in Armour
  2459 | D:4      | Reached XP level 5. HP: 16/31 MP: 9/9
  2520 | D:4      | Found a sand-covered staircase.
  2538 | Ossuary  | Entered an ossuary
  2558 | Ossuary  | Reached skill level 1 in Stealth
  2558 | Ossuary  | Reached XP level 6. HP: 23/36 MP: 10/10
  2865 | Ossuary  | Gained mutation: Your magical flight helps you evade
                  | attacks. (EV +4) [Tengu growth]
  2865 | Ossuary  | Reached XP level 7. HP: 22/41 MP: 11/11
  3112 | Ossuary  | Reached skill level 5 in Long Blades
  3187 | Ossuary  | Reached skill level 5 in Dodging
  3327 | Ossuary  | Reached XP level 8. HP: 40/48 MP: 12/12
  3507 | D:4      | Found a white marble altar of Elyvilon.
  3951 | D:4      | Reached skill level 6 in Long Blades
  4590 | D:4      | Found a basalt altar of Yredelemnul.
  4599 | D:4      | Reached skill level 5 in Armour
  4615 | D:4      | Reached skill level 5 in Fighting
  4762 | D:4      | Found a blossoming altar of Fedhas.
  4776 | D:4      | Noticed an oklob plant
  4890 | D:5      | Entered Level 5 of the Dungeon
  4997 | D:5      | Reached skill level 7 in Long Blades
  5285 | D:5      | Reached XP level 9. HP: 54/54 MP: 13/13
  5760 | D:5      | Reached skill level 8 in Long Blades
  6198 | D:6      | Found a staircase to the Ecumenical Temple.
  6356 | D:6      | Found a glowing silver altar of Zin.
  6405 | D:6      | Found a transporter.
  6409 | D:6      | Found a transporter.
  6409 | D:6      | Noticed mainiacjoe's ghost (novice HOFi)
  6633 | D:6      | Found a radiant altar of Vehumet.
  6633 | D:6      | Found an ancient bone altar of Kikubaaqudgha.
  8072 | D:8      | Noticed Maggie
  8107 | D:8      | Killed Maggie
  8108 | D:8      | Reached skill level 9 in Long Blades
  8108 | D:8      | Reached XP level 10. HP: 22/61 MP: 14/14
  8364 | D:8      | Found a hide-covered altar of Uskayaw.
  8392 | D:8      | Found an ornate altar of the Wu Jian Council.
  8924 | D:8      | Killed from afar by an acid dragon

Illustrated notes

Levels and vault maps discovered:
D:1:      tarquinn_simple_flora_water_c, layout_basic, basic_ecumenical_altar,
          kennysheep_flooded_box, minmay_door_square, minmay_pentomino_s4
D:2:      layout_loops_ring, minmay_quantized, uniq_jessica
D:3:      layout_basic
D:4:      layout_loops_ring, tgw_fedhas, elyvilon_altar_1,
          lemuel_mausoleum_altar_yredelemnul, nicolae_ossuary_entry_catacombs,
          minmay_crossroads
D:5:      kennysheep_six_static_rooms, layout_loops_ring,
          kennysheep_generic_room_15
D:6:      layout_basic, mainiacjoe_overflow_paths,
          gammafunk_temple_overflow_elements, minmay_temple_entry_arrows,
          gammafunk_ghost_arena, minmay_unpleasant_kobolds
D:7:      layout_basic, minivault_5
D:8:      layout_rooms, nicolae_uskayaw_murder_on_the_dancefloor,
          mainiacjoe_overflow_brackets, minmay_fractal_squares_gapless_5,
          uniq_maggie

Skill      XL: |  1  2  3  4  5  6  7  8  9 10 |
---------------+-------------------------------+-----
Dodging        | 3 4 5 6 7 8 |  8.4
Long Blades    | 4 5 7 9 |  9.1
Armour         | 1 2 3 4 5 6 |  6.7
Stealth        | 1 2 3 |  3.2
Fighting       | 3 4 5 6 7 |  7.6
Throwing       | |  0.4
Spellcasting   | |  2.2
Conjurations   | |  4.5

Action                     |  1- 3 |  4- 6 |  7- 9 | 10-12 || total
---------------------------+-------+-------+-------+-------++-------
  Melee: Falchion          |    28 |       |    56 |       ||    84
         Kick              |    23 |    30 |   207 |    44 ||   304
         Peck              |     9 |    25 |   126 |    34 ||   194
         Dagger            |    60 |     2 |   122 |       ||   184
         Rapier            |       |   116 |   272 |   160 ||   548
         Punch             |       |       |    12 |     1 ||    13
         Long sword        |       |       |   106 |       ||   106
  Throw: Dart              |       |       |     4 |       ||     4
   Cast: Kiss of Death     |     1 |       |       |       ||     1
    Use: Scroll            |     1 |     6 |     8 |     1 ||    16
         Potion            |       |     1 |     2 |       ||     3
   Stab: Distracted        |       |       |     3 |     2 ||     5
 Armour: Leather armour    |    30 |     4 |       |       ||    34
         Ring mail         |       |    58 |   181 |     2 ||   241
         Swamp dragon scal |       |       |       |    77 ||    77
  Dodge: Dodged            |    48 |    71 |   366 |   150 ||   635
